 Dungeon Crawl Stone Soup version 0.28-a0-1080-g05a166d0ed (webtiles) character file.

Game seed: 12549715705608304851

62 ytrimaz the Insei (level 4, -1/43 HPs)
             Began as an Octopode Transmuter on Dec 9, 2021.
             Succumbed to a scorpion's poison
             ... on level 3 of the Dungeon.
             The game lasted 00:02:06 (2685 turns).

ytrimaz the Insei (Octopode Transmuter)             Turns: 2685, Time: 00:02:06

Health: -1/43      AC:  2    Str:  9    XL:     4   Next: 8%
Magic:  5/7        EV: 19    Int: 17    God:
Gold:   139        SH:  0    Dex: 17    Spells: 3/7 levels left

rFire   . . .      SeeInvis .     - Unarmed
rCold   . . .      Faith    .   (shield currently unavailable)
rNeg    . . .      Spirit   .   (helmet currently unavailable)
rPois   x          Reflect  .   (no amulet)
rElec   .          Harm     .   f - ring of resist corrosion
rCorr   +          Rampage  .   (no ring)
Will    .....                   (no ring)
Stlth   ..........              (no ring)
HPRegen 0.14/turn               (no ring)
MPRegen 0.10/turn               (no ring)
                                (no ring)
                                (no ring)

@: berserking, lethally poisoned (-1 -> -14), spider-form (expiring), flying,
very quick
A: venomous fangs, almost no armour, (amphibious), 8 rings, tiny, (camouflage
1), (gelatinous body 1), (nimble swimmer 1), (tentacles)
a: End Transformation


You were on level 3 of the Dungeon.
You were a venomous arachnid creature.
You visited 1 branch of the dungeon, and saw 3 of its levels.

You collected 139 gold pieces.

Inventory:

Jewellery
 f - a ring of resist corrosion (left front leg)
Scrolls
 d - a scroll of immolation
Potions
 b - a potion of cancellation
 c - 2 potions of magic
 g - a potion of berserk rage
 h - 2 potions of mutation {unknown}
 i - a potion of curing {unknown}


   Skills:
 * Level 1.9 Fighting
 - Level 2.0 Dodging
 + Level 3.9 Unarmed Combat
 * Level 2.4 Spellcasting
 * Level 2.4 Transmutations


You had 3 spell levels left.
You knew the following spells:

 Your Spells              Type           Power      Damage    Failure   Level
a - Beastly Appendage     Tmut           20%        N/A       19%         1
b - Spider Form           Tmut/Pois      6%         N/A       56%         3

Your spell library contained the following spells:

 Spells                   Type           Power      Damage    Failure   Level
 Wereblood                Tmut           10%        N/A       26%         2
 Ignite Poison            Fire/Tmut/Pois 4%         N/A       58%         3
 Mephitic Cloud           Conj/Pois/Air  2%         N/A       71%         3
 Ice Form                 Ice/Tmut       6%         N/A       89%         4
 Freezing Cloud           Conj/Ice/Air   1%         6-21      100%        5


Dungeon Overview and Level Annotations

Branches:
Dungeon (3/15)

Altars:

Shops:
D:1 [


Innate Abilities, Weirdness & Mutations

You are a venomous arachnid creature.
You have poisonous fangs.
You are tiny and dextrous.
Your spellcasting is less reliable in this form.
Your armour is entirely melded.
You are incapable of wielding weapons or throwing items.
You cannot wear most types of armour.
((You are amphibious.))
You can wear up to eight rings at the same time.
((Your skin changes colour to match your surroundings (Stealth+).))
((Your rubbery body absorbs attacks. (AC +1, EV +1)))
((You are camouflaged near water. (Stealth+)))
((You have tentacles for arms and can constrict up to eight enemies at once.))


Message History

You climb downwards.
The scorpion stings you.
You are lethally poisoned!
The scorpion poisons you! The scorpion stings you.
You are more poisoned.
The scorpion poisons you!
There is a stone staircase leading up here.
You barely miss the scorpion.
You feel extremely sick. The scorpion misses you.
It was a potion of flight.
You feel very buoyant.
You fly up into the air.
* * * LOW HITPOINT WARNING * * *
You feel extremely sick. The scorpion barely misses you.
The scorpion closely misses you.
You feel much better.
You feel extremely sick. The scorpion stings you!
Unknown command.
You hit the scorpion.
The scorpion is poisoned.
The scorpion is lightly wounded.
* * * LOW HITPOINT WARNING * * *
You feel very sick. The scorpion misses you.
You bite the scorpion!
The scorpion is severely wounded.
* * * LOW HITPOINT WARNING * * *
You feel very sick. The scorpion misses you.
Unknown command.
It was a potion of berserk rage.
A red film seems to cover your vision as you go berserk!
You feel yourself moving faster!
You feel mighty!
* * * LOW HITPOINT WARNING * * *
You feel very sick. The scorpion closely misses you.
You are too berserk!
You barely miss the scorpion.
The scorpion is almost dead.
You die...

########.######### ##..
...# #.# #######...
###..###.# ##...#...##
#.^....#.###.........##
###......#.##...........#
...........##....†......#
#.......(÷..#...........#
.........÷.............##
##.............s..........
#..........###s#..#......
K.#.........###.##.(.....#
....[.......##[.#####.....
............#..## ####.
.[............##
.#...........#
......)...#..#
.........##...


You could see a scorpion (very poisoned).

Vanquished Creatures
  An adder (D:2)
  A worm (D:2)
  2 orcs (D:3)
  5 ball pythons
  2 bats
  2 endoplasms
  A giant cockroach (D:1)
  8 goblins
  4 hobgoblins
  4 jackals (D:1)
  3 quokkas
  6 frilled lizards
  2 kobolds (D:3)
  2 rats
43 creatures vanquished.

Vanquished Creatures (others)
  A plant (D:3)
1 creature vanquished.

Grand Total: 44 creatures vanquished

Notes
Turn   | Place    | Note
-------+----------+-------------------------------------------
     0 | D:1      | ytrimaz the Octopode Transmuter began the quest for the
                  | Orb.
     0 | D:1      | Reached XP level 1. HP: 13/13 MP: 3/3
    61 | D:1      | Reached XP level 2. HP: 11/18 MP: 5/5
   835 | D:1      | Found Ehenul's Antique Armour Shoppe.
   842 | D:1      | Reached XP level 3. HP: 19/23 MP: 6/6
  1016 | D:1      | Learned a level 3 spell: Spider Form
  1069 | D:2      | Found a faded altar of an unknown god.
  2467 | D:3      | Reached XP level 4. HP: 13/29 MP: 7/7
  2558 | D:3      | Noticed a scorpion
  2684 | D:3      | HP: 2/43 [poisoned by a scorpion]
  2685 | D:3      | Succumbed to a scorpion's poison

Illustrated notes

Levels and vault maps discovered:
D:1:      ncdulo_wetmaze, layout_rooms, serial_shops, nicolae_lakefront_shop,
          minmay_door_square, minmay_lizard_pond
D:2:      layout_basic, ebering_ecumenical_altar_webs
D:3:      layout_rooms, minmay_misc_feat_alley, serial_bayou_ford_a,
          guppyfry_early_orc_mine

Action                   |  1- 3 |  4- 6 || total
-------------------------+-------+-------++-------
Melee: Unarmed           |    96 |    10 ||   106
       Tentacles         |    18 |     1 ||    19
       Constrict         |    21 |     1 ||    22
 Cast: Spider Form       |     1 |     1 ||     2
  Use: Scroll            |     7 |       ||     7
       Potion            |       |     3 ||     3
 Stab: Sleeping          |     1 |       ||     1
Armor: Skin              |     7 |     1 ||     8
Dodge: Dodged            |    63 |    13 ||    76

Table legend: (Time is in decaauts)
 A = Elapsed time spent in this place.
 B = Non-inter-level travel time spent in this place.
 C = Inter-level travel time spent in this place.
 D = Time resting spent in this place.
 E = Time spent auto-exploring this place.
 F = Levels seen in this place.
 G = Mean time per level.
                   A        B        C        D        E       F      G
               +--------+--------+--------+--------+--------+-----+--------+
         Total |   2678 |   2639 |     39 |    191 |   2065 |   3 |  892.7 |
       Dungeon |   2678 |   2639 |     39 |    191 |   2065 |   3 |  892.7 |
               +--------+--------+--------+--------+--------+-----+--------+

Top non-repeatable levels by time:
     D:2: 1397 daAuts
     D:1: 1013 daAuts
     D:3: 267 daAuts
